 Dungeon Crawl Stone Soup version 0.28.0-45-g0d030f2227 (webtiles) character file.

Game seed: 9184230910346447033

86 pkoi the Insei (level 4, -10/36 HPs)
             Began as a Demigod Gladiator on Apr 22, 2022.
             Mangled by an ogre
             ... wielding a +0 giant club
              (12 damage)
             ... on level 3 of the Dungeon.
             The game lasted 00:02:44 (3401 turns).

pkoi the Insei (Demigod Gladiator)                  Turns: 3401, Time: 00:02:44

Health: -10/36     AC:  4    Str: 15    XL:     4   Next: 5%
Magic:  6/6        EV: 16    Int: 14    God:
Gold:   49         SH:  0    Dex: 15    Spells: 3/3 levels left

rFire   . . .      SeeInvis .   f - +4 dagger
rCold   . . .      Faith    .   (no shield)
rNeg    . . .      Spirit   .   a - +0 leather armour
rPois   .          Reflect  .   b - +0 helmet
rElec   .          Harm     .   (no cloak)
rCorr   .          Rampage  .   (no gloves)
Will    .....                   (no boots)
Stlth   +.........              (no amulet)
HPRegen 0.12/turn               d - +4 ring of evasion
MPRegen 0.10/turn               (no ring)

@: no status effects
A: high MP 1, forlorn, divine attributes
a: no special abilities


You were on level 3 of the Dungeon.
You visited 1 branch of the dungeon, and saw 3 of its levels.

You collected 49 gold pieces.

Inventory:

Hand Weapons
 f - a +4 dagger (weapon)
Missiles
 c - 2 throwing nets (quivered)
Armour
 a - a +0 leather armour (worn)
 b - a +0 helmet (worn)
Jewellery
 d - a +4 ring of evasion (left hand)
Wands
 j - a wand of iceblast (2)
Scrolls
 e - 2 scrolls of identify
 g - a scroll of immolation
 h - a scroll of noise {unknown}
 i - a scroll of magic mapping {unknown}


   Skills:
 - Level 1.7 Fighting
 - Level 1.7 Throwing
 - Level 2.6 Dodging
 + Level 4.7 Unarmed Combat


You had 3 spell levels left.
You didn't know any spells.
Your spell library contained the following spells:

 Spells                   Type           Power      Damage    Failure   Level
 Foxfire                  Conj/Fire      0%         2x1d4     34%         1
 Conjure Flame            Conj/Fire      0%         6-21      71%         3
 Inner Flame              Hex/Fire       0%         N/A       71%         3
 Flame Wave               Conj/Fire      0%         2d4       98%         4


Dungeon Overview and Level Annotations

Branches:
Dungeon (3/15)

Annotations:
D:2 Sigmund


Innate Abilities, Weirdness & Mutations

You have an increased reservoir of magic. (+10% MP)
You shall have no god before yourself.
Your divine heritage dramatically boosts your attributes as you level up.


Message History

A hobgoblin comes into view.
A hobgoblin is nearby!
A hobgoblin is nearby!
The hobgoblin shouts!
You closely miss the hobgoblin. The hobgoblin misses you.
You barely miss the hobgoblin. The hobgoblin barely misses you.
You barely miss the hobgoblin. The hobgoblin closely misses you.
You closely miss the hobgoblin. The hobgoblin misses you.
You closely miss the hobgoblin. The hobgoblin closely misses you.
You closely miss the hobgoblin. You punch the hobgoblin!
You kill the hobgoblin!
No target in view!
No target in view!
No target in view!
No target in view!
No target in view!
Found a stone staircase leading down.
There is a stone staircase leading down here.
You now have 46 gold pieces (gained 13).
You now have 49 gold pieces (gained 3).
An ogre comes into view. It is wielding a +0 giant club.
The ogre shouts!
An ogre is nearby!
Found a brown potion.
The ogre hits you with a +0 giant club!
* * * LOW HITPOINT WARNING * * *
You hit the ogre.
The ogre is lightly wounded.
You closely miss the ogre.
The ogre is lightly wounded.
The ogre misses you.
You hit the ogre.
The ogre is moderately wounded.
The ogre hits you with a +0 giant club!!
Ouch! That really hurt!
* * * LOW HITPOINT WARNING * * *
You hit the ogre.
The ogre is heavily wounded.
The ogre hits you with a +0 giant club!
You die...

## #.#
#....###.##########.#
# #.#
#...................#
#.#
##....##.############
#.# ##.#.##.# #.#
#.#.##.#
...#####.#.##.#
...$.......# #
#####...####### #.##
.......@..!...#
...###
######.O#####.#
...... #..# #..###
#..# #..# ...# #..#
##### #..# #..######
#<......>


You could see an ogre.

Vanquished Creatures
  Natasha (D:2)
  An adder (D:2)
  A worm (D:1)
  A dart slug (D:1)
  5 bats (D:1)
  3 endoplasms
  A giant cockroach (D:2)
  4 goblins
  6 hobgoblins
  2 jackals (D:2)
  2 quokkas
  4 ball pythons (D:1)
  2 frilled lizards (D:1)
  6 kobolds
  4 rats
43 creatures vanquished.

Notes
Turn   | Place    | Note
-------+----------+-------------------------------------------
     0 | D:1      | pkoi the Demigod Gladiator began the quest for the Orb.
     0 | D:1      | Reached XP level 1. HP: 17/17 MP: 3/3
     0 | D:1      | Noticed a green draconian
     0 | D:1      | Noticed an iron dragon
     1 | D:1      | Noticed a large abomination
     1 | D:1      | Noticed a black draconian
     4 | D:1      | Noticed a tentacled monstrosity
     6 | D:1      | Noticed an orb of fire
    11 | D:1      | Noticed a green draconian
    13 | D:1      | Noticed a white draconian
    15 | D:1      | Noticed a shadow dragon
    15 | D:1      | Noticed a large abomination
    17 | D:1      | Noticed a tentacled monstrosity
    17 | D:1      | Noticed an orb of fire
    17 | D:1      | Noticed an iron dragon
    19 | D:1      | Noticed a shadow dragon
    21 | D:1      | Noticed an iron dragon
   189 | D:1      | Reached skill level 3 in Unarmed Combat
   396 | D:1      | Reached XP level 2. HP: 22/24 MP: 4/4
  1445 | D:2      | Reached skill level 4 in Unarmed Combat
  1445 | D:2      | Reached XP level 3. HP: 27/29 MP: 5/5
  1560 | D:2      | Noticed Natasha
  1570 | D:2      | HP: 1/29 [crimson imp[Natasha] (2)]
  1576 | D:2      | Killed Natasha
  2010 | D:2      | Noticed Sigmund
  2923 | D:1      | Reached XP level 4. HP: 28/36 MP: 6/6
  3395 | D:3      | Noticed an ogre
  3401 | D:3      | Mangled by an ogre

Illustrated notes

Levels and vault maps discovered:
D:1:      shiori_arrival_whats_in_store_for_you, layout_basic,
          shapermc_ecumenical_altar_totnotflames
D:2:      layout_basic, st_stairs_9, palyth_stone_intersect,
          kennysheep_cross_room, item_on_display_a, uniq_jessica, uniq_sigmund,
          uniq_natasha
D:3:      layout_loops_ring, minmay_distorted

Skill      XL: |  1  2 |
---------------+-------+-----
Unarmed Combat | 3 4 |  4.7
Fighting       | |  1.7
Throwing       | |  1.7
Dodging        | |  2.6

Action                   |  1- 3 |  4- 6 || total
-------------------------+-------+-------++-------
Melee: Unarmed           |   107 |       ||   107
       Punch             |     4 |     1 ||     5
       Dagger            |    65 |    16 ||    81
Throw: Throwing net      |     1 |       ||     1
  Use: Scroll            |     2 |       ||     2
 Stab: Sleeping          |     1 |       ||     1
Armor: Leather armour    |    39 |     1 ||    40
Dodge: Dodged            |   130 |    10 ||   140
